 Dungeon Crawl Stone Soup version 0.31-a0-692-gf03d1854d5 (webtiles) character file.

Game seed: 1383961813409000275

3340 Conn the Magician (level 10, -2/63 HPs)
             Began as an Octopode Fire Elementalist on Sept 7, 2023.
             Was a Believer of Sif Muna.
             Succumbed to an orc warrior's poison
             ... on level 8 of the Dungeon.
             The game lasted 00:21:16 (8076 turns).

Conn the Magician (Octopode Fire Elementalist)      Turns: 8076, Time: 00:21:16

Health: -2/63      AC:  1    Str:  8    XL:     10   Next: 2%
Magic:  10/18      EV: 19    Int: 27    God:    Sif Muna [**....]
Gold:   206        SH:  0    Dex: 13    Spells: 4/20 levels left

rFire   . . .        a - staff of conjuration
rCold   . . .        (no shield)
rNeg    + . .        (helmet restricted)
rPois   .            (no amulet)
rElec   .            k - +5 ring of evasion
rCorr   .            v - +6 ring of intelligence
SInv    .            p - ring of positive energy
Will    .....        (no ring)
Stlth   ++++         (no ring)
HPRegen 0.30/turn    (no ring)
MPRegen 0.16/turn    (no ring)
                     (no ring)

%: no passive effects
@: lethally poisoned (-2 -> -9), swift, on berserk cooldown, slowed, slow
A: almost no armour, amphibious, 8 rings, camouflage 1, gelatinous body 1,
(nimble swimmer 1), tentacles, tentacle spike 1, evolution 1
a: Renounce Religion, Channel Magic


You were on level 8 of the Dungeon.
You worshipped Sif Muna.
Sif Muna was pleased with you.
You visited 2 branches of the dungeon, and saw 11 of its levels.

You collected 294 gold pieces.
You spent 88 gold pieces at shops.

Inventory:

Hand Weapons
 b - a +4 dagger of venom
Magical Staves
 a - a staff of conjuration (weapon)
Jewellery
 k - a +5 ring of evasion (left tentacle)
 p - a ring of positive energy (on tentacle)
 v - a +6 ring of intelligence (right tentacle)
Wands
 c - a wand of polymorph (12)
 e - a wand of acid (8)
Scrolls
 d - a scroll of amnesia
 g - 4 scrolls of noise
 h - 3 scrolls of teleportation
 m - a scroll of fog
 n - a scroll of identify
 r - a scroll of torment
 s - a scroll of brand weapon {unknown}
 u - a scroll of silence
Potions
 i - a potion of resistance {unknown}
 j - a potion of magic
 l - a potion of brilliance {unknown}
 o - 3 potions of lignification


   Skills:
 + Level 3.9 Fighting
 + Level 4.7 Dodging
 - Level 5.0 Stealth
 * Level 5.6 Spellcasting
 + Level 5.0 Conjurations
 - Level 3.0 Hexes
 + Level 5.1 Fire Magic
 * Level 3.0 Ice Magic
 * Level 3.9 Air Magic
 * Level 5.6 Invocations


You had 4 spell levels left.
You knew the following spells:

 Your Spells              Type           Power      Damage    Failure   Level
a - Foxfire               Conj/Fire      100%       2x1d9     1%          1
b - Scorch                Fire           70%        2d7       1%          2
c - Inner Flame           Hex/Fire       29%        N/A       3%          3
d - Flame Wave            Conj/Fire      51%        2d13      9%          4
e - Swiftness             Air            29%        N/A       4%          3
f - Ozocubu's Armour      Ice            24%        N/A       6%          3

Your spell library contained the following spells:

 Spells                   Type           Power      Damage    Failure   Level
 Shock                    Conj/Air       100%       1d9       1%          1
 Volatile Blastmotes      Fire/Tloc      42%        2d13      7%          3
 Lesser Beckoning         Tloc           14%        N/A       10%         2
 Airstrike                Air            14%        2d(3-19)  13%         4
 Gell's Gravitas          Tloc           7%         N/A       21%         3
 Teleport Other           Tloc           7%         N/A       21%         3


Dungeon Overview and Level Annotations

Branches:
Dungeon (10/15)            Temple (1/1) D:4
   Lair: D:8-11         Orc: D:9-12

Altars:
Ashenzari
Cheibriados
Dithmenos
Elyvilon
Fedhas
Gozag
Hepliaklqana
Kikubaaqudgha
Makhleb
Nemelex Xobeh
Okawaru
Qazlal
Ru
Sif Muna
Trog
Uskayaw
Wu Jian
Xom
Yredelemnul
Zin
The Shining One

Shops:
D:5 :

Annotations:
D:3 Terence
D:7 1 runed translucent door, ouz's ghost, novice VSGl


Innate Abilities, Weirdness & Mutations

You cannot wear most types of armour.
You are amphibious.
You can wear up to eight rings at the same time.
Your skin changes colour to match your surroundings (Stealth+).
Your rubbery body absorbs attacks. (AC +1, EV +1)
((You are camouflaged when in or above water. (Stealth+)))
You have tentacles for arms and can constrict up to eight enemies at once.
One of your tentacles bears a spike.
You have hidden genetic potential.


Message History

Okay, then.
Unknown command.
Unknown command.
Unknown command.
Unknown command.
Unknown command.
Okay, then.
Unknown command.
Okay, then.
Unknown command.
Okay, then.
Unknown command.
Unknown command.
It was a potion of berserk rage.
A red film seems to cover your vision as you go berserk!
You feel yourself moving faster!
You feel mighty!
* * * LOW HITPOINT WARNING * * *
You feel very sick.
You feel a strong urge to attack something.
* * * LOW HITPOINT WARNING * * *
You feel sick.
You see here a +2 heavy hand axe.
* * * LOW HITPOINT WARNING * * *
You feel sick.
There is an escape hatch in the ceiling here.
You feel your anger nearly subside.
* * * LOW HITPOINT WARNING * * *
You feel sick. A mysterious force pulls you upwards.
The hatch slams shut behind you.
The orc shouts!
You are no longer berserk.
You are exhausted.
You feel yourself slow down.
* * * LOW HITPOINT WARNING * * *
You feel sick.
Unknown command.
It was a potion of mutation.
You feel extremely strange.
One of your lower tentacles grows a sharp spike.
You feel a hidden potential growing inside you.
You die...

## ... ....
.....
#...#######..
#...@......#
##.......###
#......##
#...###..#
..... #.#
...... .o.
..#...# ...
###... ..


You could see an orc.

Vanquished Creatures
  Pikel (D:5)
  A troll (D:6)
  A vampire (D:6)
  2 ice beasts
  4 orc warriors
  A black bear (D:6)
  2 ogres (D:6)
  4 centaurs (D:6)
  A lemure (D:4)
  A phantom (D:6)
  2 kobold brigands
  4 scorpions
  2 howler monkeys (D:9)
  4 jellies
  4 orc priests
  A hound (D:4)
  3 sleepcaps
  A gnoll bouda (D:7)
  9 orc wizards
  Robin (D:3)
  4 gnolls (D:7)
  7 adders
  A white imp (D:6)
  2 ufetubi (D:4)
  A worm (D:2)
  4 dart slugs
  34 orcs
  3 bats
  5 endoplasms
  2 giant cockroaches
  9 goblins
  8 hobgoblins
  5 jackals
  13 kobolds
  3 quokkas
  4 ball pythons
  A frilled lizard (D:1)
  2 rats
157 creatures vanquished.

Vanquished Creatures (collateral kills)
  2 foxfires (D:4)
2 creatures vanquished.

Vanquished Creatures (others)
  523 foxfires
523 creatures vanquished.

Grand Total: 682 creatures vanquished

Notes
Turn   | Place    | Note
-------+----------+-------------------------------------------
     0 | D:1      | Conn the Octopode Fire Elementalist began the quest for the
                  | Orb.
     0 | D:1      | Reached XP level 1. HP: 11/11 MP: 3/3
    30 | D:1      | Found a faded altar of an unknown god.
   289 | D:1      | Reached XP level 2. HP: 17/17 MP: 0/5
   371 | D:1      | Learned a level 2 spell: Scorch
  1158 | D:2      | Reached XP level 3. HP: 21/21 MP: 0/6
  2057 | D:3      | Reached XP level 4. HP: 27/27 MP: 1/7
  2363 | D:3      | Noticed Robin
  2369 | D:3      | Killed Robin
  2370 | D:3      | Reached skill level 1 in Fighting
  2370 | D:3      | Reached XP level 5. HP: 33/33 MP: 1/9
  2526 | D:3      | Noticed Terence
  2613 | D:4      | Learned a level 3 spell: Inner Flame
  2794 | D:4      | Found a staircase to the Ecumenical Temple.
  2809 | Temple   | Entered the Ecumenical Temple
  2825 | Temple   | Became a worshipper of Sif Muna the Loreminder
  3363 | D:4      | Reached skill level 1 in Invocations
  3363 | D:4      | Reached XP level 6. HP: 38/38 MP: 3/10
  4202 | D:4      | Learned a level 4 spell: Flame Wave
  4267 | D:5      | Entered Level 5 of the Dungeon
  4333 | D:5      | Noticed an ice beast
  4335 | D:5      | Noticed Pikel
  4608 | D:5      | Killed an ice beast
  4608 | D:5      | Reached * piety under Sif Muna
  4681 | D:5      | Reached XP level 7. HP: 44/44 MP: 0/12
  4953 | D:5      | Killed Pikel
  4954 | D:5      | Reached skill level 5 in Stealth
  4954 | D:5      | Reached skill level 1 in Hexes
  4954 | D:5      | Reached XP level 8. HP: 42/51 MP: 7/14
  5065 | D:5      | Found Kycwifef's Tiny Tomes.
  5069 | D:5      | Bought the Volume of Hail for 88 gold pieces
  5073 | D:5      | Learned a level 3 spell: Swiftness
  5536 | D:6      | Reached skill level 1 in Air Magic
  6210 | D:6      | Reached XP level 9. HP: 45/56 MP: 16/16
  6260 | D:6      | Learned a level 3 spell: Ozocubu's Armour
  6590 | D:6      | Reached skill level 1 in Ice Magic
  6626 | D:6      | Noticed a troll
  6633 | D:6      | Reached skill level 5 in Spellcasting
  6892 | D:6      | Reached skill level 5 in Invocations
  7016 | D:6      | Killed a troll
  7201 | D:7      | Noticed ouz's ghost (novice VSGl)
  7214 | D:7      | Reached ** piety under Sif Muna
  7350 | D:7      | Found a runed translucent door.
  7353 | D:7      | You fall into a shaft and drop 3 floors!
  7353 | D:10     | Entered Level 10 of the Dungeon
  7357 | D:10     | Found a shadowy altar of Dithmenos.
  7361 | D:10     | Found an iron altar of Okawaru.
  7364 | D:10     | Found a stormy altar of Qazlal.
  7364 | D:10     | Found a hide-covered altar of Uskayaw.
  7371 | D:10     | Reached skill level 5 in Fire Magic
  7443 | D:10     | Found a sacrificial altar of Ru.
  7889 | D:9      | Reached skill level 5 in Conjurations
  7889 | D:9      | Reached XP level 10. HP: 63/63 MP: 13/18
  8073 | D:9      | HP: 4/94 [poisoned by an orc warrior]
  8075 | D:8      | HP: 1/63 [poisoned by an orc warrior]
  8076 | D:8      | Gained mutation: One of your tentacles bears a spike.
                  | [potion of mutation]
  8076 | D:8      | Gained mutation: You have hidden genetic potential. [potion
                  | of mutation]
  8076 | D:8      | Succumbed to an orc warrior's poison

Illustrated notes

Levels and vault maps discovered:
D:1:      saegor_arrival_miasma, layout_loops_ring,
          dilly_ecumenical_altar_fadedgnrine
D:2:      layout_basic
D:3:      layout_basic, uniq_robin, uniq_terence
D:4:      layout_basic, minmay_temple_entry_offerings
D:5:      layout_rooms, nicolae_shop_i_like_small_books_too,
          nrook_mini_backslash, uniq_pikel
D:6:      minmay_chambers_of_sixes, layout_loops_corners
D:7:      layout_loops_cross, serial_rivers, chequers_serial_rivers_small_3,
          chequers_serial_rivers_micro_a, chequers_serial_rivers_micro_b,
          chequers_serial_rivers_small_b, hellmonk_ghost_happy_afterlife,
          minmay_misc_feat_cross
D:8:      layout_layer_cave, gammafunk_ghost_necromancy
D:9:      layout_gridville, hiddenorc1_lemuel
D:10:     layout_rooms, nicolae_overflow_hallway_of_the_gods,
          mainiacjoe_overflow_brackets, erik_lair_orcish_takeover, serial_shops,
          shop
Temple:   regret_index_temple_sphere_string

Skill      XL: |  1  2  3  4  5  6  7  8  9 10 |
---------------+-------------------------------+-----
Stealth        | 3 4 5 |  5.0
Conjurations   | 2 3 4 5 |  5.0
Fighting       | 1 2 3 |  3.9
Spellcasting   | 3 4 5 |  5.6
Dodging        | 3 4 |  4.7
Invocations    | 1 2 3 4 5 |  5.6
Hexes          | 1 2 3 |  3.0
Fire Magic     | 4 5 |  5.1
Air Magic      | 2 3 |  3.9
Ice Magic      | 2 3 |  3.0

Action                     |  1- 3 |  4- 6 |  7- 9 | 10-12 || total
---------------------------+-------+-------+-------+-------++-------
  Melee: Unarmed           |    10 |       |    13 |       ||    23
         Constrict         |     7 |     3 |     4 |       ||    14
         Tentacles         |     3 |     2 |     2 |       ||     7
         Punch             |     2 |     2 |     1 |       ||     5
         Staff             |     9 |    21 |    16 |       ||    46
   Cast: Foxfire           |    64 |    79 |   140 |    19 ||   302
         Scorch            |       |    19 |    27 |     1 ||    47
         Inner Flame       |       |     3 |     9 |       ||    12
         Flame Wave        |       |       |     4 |     1 ||     5
         Swiftness         |       |       |     1 |     1 ||     2
         Ozocubu's Armour  |       |       |     1 |       ||     1
 Invoke: Channel Magic     |       |       |     1 |       ||     1
    Use: Scroll            |     1 |    10 |     1 |       ||    12
         Potion            |       |     2 |     6 |     2 ||    10
 Armour: Skin              |     9 |    28 |    39 |     3 ||    79
  Dodge: Dodged            |    17 |    21 |    65 |       ||   103

Table legend: (Time is in decaauts)
 A = Elapsed time spent in this place.
 B = Non-inter-level travel time spent in this place.
 C = Inter-level travel time spent in this place.
 D = Time resting spent in this place.
 E = Time spent auto-exploring this place.
 F = Levels seen in this place.
 G = Mean time per level.
                   A        B        C        D        E       F      G
               +--------+--------+--------+--------+--------+-----+--------+
         Total |   8072 |   7907 |    165 |    472 |   5903 |  11 |  733.8 |
       Dungeon |   8039 |   7885 |    154 |    472 |   5903 |  10 |  803.9 |
        Temple |     32 |     21 |     11 |      0 |      0 |   1 |   32.0 |
               +--------+--------+--------+--------+--------+-----+--------+

Top non-repeatable levels by time:
     D:4: 1883 daAuts
     D:6: 1812 daAuts
     D:1: 933 daAuts
     D:5: 874 daAuts
     D:2: 808 daAuts
     D:3: 806 daAuts
     D:9: 613 daAuts
     D:7: 202 daAuts
    D:10: 105 daAuts
  Temple: 32 daAuts
     D:8: 0 daAuts
